 Dungeon Crawl Stone Soup version 0.16-a0-3389-g45633df (webtiles) character file.

963 4tharraofdagon the Slasher (level 7, -5/53 HPs)
             Began as a Demigod Gladiator on Dec 30, 2014.
             Killed by divine providence
             ... invoked by an orc priest
              (12 damage)
             ... on level 8 of the Dungeon.
             The game lasted 00:20:15 (3457 turns).

4tharraofdagon the Slasher (Demigod Gladiator)      Turns: 3457, Time: 00:20:15

Health: -5/53      AC:  7    Str: 21    XL:     7   Next: 61%
Magic:  14/14      EV: 13    Int: 12    God:
Gold:   325        SH:  0    Dex: 20    Spells: 0 memorised, 6 levels left

rFire  . . .     SeeInvis .     a - +0 long sword
rCold  . . .     Rnd*Rage +     y - +0 scale mail
rNeg   . . .     SustAb   +     (no shield)
rPois  +         Gourm    .     (helmet restricted)
rElec  .         Spirit   .     (no cloak)
rCorr  .         Warding  .     (no gloves)
rMut   .         Stasis   .     J - +0 pair of boots
MR     .....                    (no amulet)
Stlth  ..........               u - +1 ring of strength
                                G - ring of poison resistance

@: lethally poisoned, about to teleport, not resistant to hostile enchantments,
extremely unstealthy
A: horns 1, berserk 1, blurry vision 1, frail 1, spit poison 1, strong 1,
sustain abilities
a: Spit Poison


You were on level 8 of the Dungeon.
You were not hungry.

You visited 2 branches of the dungeon, and saw 9 of its levels.

You collected 325 gold pieces.

Inventory:

Hand weapons
 a - a +0 long sword (weapon)
 E - a +0 vampiric spear
 I - a +1 whip of draining
Missiles
 d - a throwing net (quivered)
 v - 7 stones
Armour
 b - a +0 leather armour
 c - a +1 helmet
 h - a +0 large shield
 s - a +0 robe
 t - a cursed +0 ring mail
 y - a +0 scale mail (worn)
 J - a +0 pair of boots (worn)
Jewellery
 u - a +1 ring of strength (right hand)
 G - a ring of poison resistance (left hand)
Magical devices
 m - a wand of digging (11)
 o - a wand of draining (0)
 H - a wand of flame (32)
Scrolls
 i - a scroll of amnesia
 j - a scroll of remove curse
 l - a scroll of noise
 C - 3 scrolls of enchant armour
Potions
 g - a potion of cancellation {unknown}
 n - 2 potions of heal wounds {unknown}
 p - a potion of curing
 r - 2 potions of restore abilities
 x - a potion of cure mutation {unknown}
 z - a potion of agility {unknown}
 A - a potion of might
 D - a potion of haste {unknown}
Comestibles
 f - 2 bread rations
 k - a chunk of flesh
 q - a royal jelly
 w - a meat ration
 B - 3 beef jerkies
 F - 3 fruits


   Skills:
 - Level 4.1 Fighting
 * Level 6.8 Long Blades
 - Level 1.7 Throwing
 - Level 4.2 Dodging
 + Level 2.0 Evocations


You had 6 spell levels left.
You didn't know any spells.

Dungeon Overview and Level Annotations

Branches:
Dungeon (8/15)             Temple (1/1) D:4            Lair (0/8) D:8

Shops:
D:6 =

Annotations:
D:3 archlich's ghost, weakling DsEn


Innate Abilities, Weirdness & Mutations

Your attributes are resistant to harm.
You have a pair of small horns on your head.
You tend to lose your temper in combat.
Scrolls take you a little longer to read.
You are frail (-10% HP).
You can spit poison.
Your muscles are strong. (Str +2)


Message History

The orc priest calls upon Beogh to heal the orc wizard.
The orc wizard is healed somewhat.
You closely miss the orc wizard.
The orc wizard is lightly wounded.
The orc wizard becomes somewhat translucent.
The orc hits you but does no damage. The orc hits you with a club.
The orc wizard hits you with a dagger of venom.
You are more poisoned.
The orc priest mumbles some strange prayers to Beogh against you.
Something smites you!
* * * LOW HITPOINT WARNING * * *
Unknown command.
You barely miss the orc wizard.
The orc wizard is lightly wounded.
* * * LOW HITPOINT WARNING * * *
You feel sick. The orc hits you but does no damage.
The orc wizard closely misses you. The orc barely misses you.
The orc priest calls down the wrath of Beogh upon you.
Something smites you!
You die...

########
#........
#......#
#......#
#......#
#oo....#
#@oo...#
######.#


o You could see an orc priest, an orc wizard and 2 orcs.

Vanquished Creatures
  Grinder (D:5)
  A centaur (D:6)
  An ogre (D:3)
  Sigmund (D:7)
  A giant frog (D:7)
  A wyvern zombie (D:7)
  A centaur skeleton (D:4)
  An iguana (D:5)
  A hound (D:7)
  A worker ant (D:4)
  An orc wizard (D:8)
  A hound skeleton (D:6)
  A mummy (D:4)
  A gnoll (D:4)
  9 adders
  A giant mite (D:6)
  A shadow imp (D:6)
  An adder skeleton (D:4)
  2 oozes
  16 orcs
  A giant cockroach (D:4)
  8 hobgoblins
  7 jackals
  6 quokkas
  5 ball pythons
  7 bats
  3 giant geckos
  6 giant newts
  7 goblins
  5 kobolds
  10 rats
109 creatures vanquished.

Notes
Turn   | Place    | Note
--------------------------------------------------------------
     0 | D:1      | 4tharraofdagon, the Demigod Gladiator, began the quest for the Orb.
     0 | D:1      | Reached XP level 1. HP: 17/17 MP: 2/2
   246 | D:2      | Reached skill level 3 in Long Blades
   246 | D:2      | Reached XP level 2. HP: 22/24 MP: 3/3
   293 | D:2      | Found a sparkling altar of Nemelex Xobeh.
   293 | D:2      | Found a sacrificial altar of Ru.
   562 | D:3      | Noticed an ogre
   686 | D:3      | Reached XP level 3. HP: 21/29 MP: 5/5
   719 | D:3      | Killed an ogre
   719 | D:3      | Reached skill level 4 in Long Blades
   719 | D:3      | Reached XP level 4. HP: 17/37 MP: 7/7
   890 | D:3      | Found a shattered altar of Ashenzari.
   896 | D:3      | Found a basalt altar of Yredelemnul.
   997 | D:5      | Entered Level 5 of the Dungeon
  1211 | D:6      | Reached XP level 5. HP: 27/44 MP: 8/8
  1216 | D:6      | Found Wijasal's Jewellery Boutique.
  1230 | D:6      | Noticed a black bear
  1248 | D:5      | Noticed Grinder
  1336 | D:5      | Paralysed by Grinder for 7 turns
  1352 | D:5      | Killed Grinder
  1352 | D:5      | Reached skill level 5 in Long Blades
  1352 | D:5      | Reached XP level 6. HP: 15/51 MP: 10/10
  2434 | D:4      | Found an iron altar of Okawaru.
  2469 | D:4      | Found a staircase to the Ecumenical Temple.
  2473 | D:4      | Noticed a phantom
  2482 | Temple   | Entered the Ecumenical Temple
  2499 | D:3      | Noticed archlich's ghost (weakling DsEn)
  2884 | D:6      | Noticed a centaur
  2885 | D:6      | Found a burning altar of Makhleb.
  2893 | D:6      | Killed a centaur
  2893 | D:6      | Reached skill level 6 in Long Blades
  2893 | D:6      | Reached XP level 7. HP: 38/59 MP: 12/12
  3021 | D:7      | Reached skill level 1 in Evocations
  3030 | D:7      | Found a white marble altar of Elyvilon.
  3077 | D:7      | Gained mutation: You are frail (-10% HP). [potion of mutation]
  3077 | D:7      | Gained mutation: You have a pair of small horns on your head. [potion of mutation]
  3077 | D:7      | Gained mutation: Scrolls take you a little longer to read. [potion of mutation]
  3082 | D:7      | Lost mutation: Scrolls take you a little longer to read. [potion of mutation]
  3082 | D:7      | Gained mutation: Your muscles are strong. (Str +2) [potion of mutation]
  3083 | D:7      | Gained mutation: Scrolls take you a little longer to read. [potion of mutation]
  3083 | D:7      | Gained mutation: You tend to lose your temper in combat. [potion of mutation]
  3083 | D:7      | Gained mutation: You can spit poison. [potion of mutation]
  3258 | D:7      | Noticed Sigmund
  3268 | D:7      | Killed Sigmund
  3399 | D:8      | Noticed a fire drake
  3404 | D:8      | Found a staircase to the Lair.
  3457 | D:8      | Killed from afar by an orc priest

Action                   |  1- 3 |  4- 6 |  7- 9 || total
-------------------------+-------+-------+-------++-------
Melee: Long sword        |    50 |   222 |    74 ||   346
Throw: Throwing net      |    11 |     5 |       ||    16
Evoke: Wand              |     1 |       |       ||     1
  Use: Scroll            |       |     7 |     4 ||    11
       Potion            |       |       |     7 ||     7
 Stab: Held in net/web   |     3 |     4 |       ||     7
       Sleeping          |     1 |     3 |       ||     4
       Invisible         |       |       |     1 ||     1
  Eat: Chunk             |       |     7 |     3 ||    10

Vault maps used:
D:1:      sevenhm_arrival_forest_fort_small_3
D:2:      gammafunk_temple_overflow_elements
D:3:      ashenzari_altar_1, lemuel_crystal_altar
D:4:      okawaru_metal_pillars_1_2, minmay_temple_entry_grid
D:5:      first_bread, minmay_misc_feat_roman, uniq_blork_the_orc, uniq_grinder
D:6:      bloody_makhleb, tgw_sif, fedhas_bush_and_centaur_altar,
          nicolae_overflow_crystal_walls, serial_shops, shop,
          kennysheep_generic_room_10
D:7:      kennysheep_little_box, kennysheep_mini_moat, old_standard_altar,
          uniq_sigmund
D:8:      minmay_lair_entry_lava
Temple:   temple_island_7
